 Dungeon Sprint DCSS version 0.27.1 (webtiles) character file.

Game seed: 14906158610828980609

196 styxcanada the Covert (level 5, -4/28 HPs)
             Began as a Spriggan Brigand on Sept 4, 2021.
             Was an Initiate of Gozag.
             Slain by a spriggan (9 damage)
             ... in the Dungeon (Sprint IV: "Fedhas' Mad Dash").
             The game lasted 00:02:33 (448 turns).

styxcanada the Covert (Spriggan Brigand)             Turns: 448, Time: 00:02:34

Health: -4/28      AC:  3    Str:  7    XL:     5   Next: 45%
Magic:  6/6        EV: 19    Int: 13    God:    Gozag
Gold:   131        SH:  0    Dex: 17    Spells: 4/4 levels left

rFire    . . .     SeeInvis +   a - +2 dagger
rCold    . . .     Faith    .   (shield restricted)
rNeg     . . .     Spirit   .   b - +0 robe
rPois    .         Reflect  .   (helmet restricted)
rElec    .         Harm     .   c - +0 cloak
rCorr    .         Rampage  .   (gloves unavailable)
Will     .....     NoTele   +   (boots unavailable)
Stlth    ++++++....             j - amulet of invisibility {+Inv}
HPRegen  0.09/turn              (no ring)
MPRegen  0.10/turn              (no ring)

@: very slightly contaminated, very quick
A: very small, no large weapons, unfitting armour, see invisible, speed 3
a: Renounce Religion, Evoke Invisibility, Potion Petition, Call Merchant, Bribe
Branch


You were in the Dungeon.
You worshipped Gozag.
Gozag was aware of your devotion.
You visited 1 branch You collected 131 gold pieces.

Inventory:

Hand Weapons
 a - a +2 dagger (weapon)
Missiles
 d - 16 poisoned darts (quivered)
 e - 2 curare-tipped darts
Armour
 b - a +0 robe (worn)
 c - a +0 cloak (worn)
Jewellery
 j - the amulet of invisibility (around neck) {+Inv}
   (You found it in the Dungeon)

   [amulet of nothing]

   +Inv:      It lets you turn invisible.
Scrolls
 k - a scroll of blinking
 l - a scroll of magic mapping {unknown}
 m - a scroll of acquirement {unknown}
 n - a scroll of enchant armour {unknown}
Potions
 f - a potion of curing
 g - a potion of heal wounds
 h - a potion of haste
 i - 2 potions of magic


   Skills:
 * Level 3.4 Fighting
 + Level 3.6 Short Blades
 + Level 3.5 Throwing
 * Level 5.3 Dodging
 * Level 14.2 Stealth
 + Level 1.4 Evocations


You had 4 spell levels left.
You didn't know any spells.
Your spell library was empty.

Dungeon Overview and Level Annotations

Branches:
Dungeon (1/1)

Altars:
Cheibriados
Dithmenos
Elyvilon
Gozag
Hepliaklqana
Kikubaaqudgha
Makhleb
Nemelex Xobeh
Okawaru
Qazlal
Ru
Sif Muna
Trog
Uskayaw
Vehumet
Wu Jian
Xom
Yredelemnul
Zin
The Shining One
Beogh
Jiyva
Lugonu


Innate Abilities, Weirdness & Mutations

You are very small and have problems with some larger weapons.
You are too small for most types of armour.
You have supernaturally acute eyesight. (SInv)
You cover ground extremely quickly. (Speed+++)


Message History

The spriggan is distracted by your dazzling golden aura.
You miss the spriggan.
The spriggan is no longer distracted by gold.
The spriggan shouts!
The spriggan barely misses you.
There is an ancient bone altar of Kikubaaqudgha here.
There is a viscous altar of Jiyva here.
You flicker for a moment.
There is a hazy altar of Hepliaklqana here.
There is an opulent altar of Gozag here.
Throw: 20 darts (poison)
Press: ? - help, Q - select action, (/) - cycle Shift-Dir - straight line, f/p - spriggan
Aim: a spriggan, wielding a +0 rapier and wearing a +0 robe (34% to hit)
You throw a poisoned dart. The poisoned dart misses the spriggan.
The spriggan barely misses you.
You are lightly contaminated with residual magic.
There is an open door here.
Throw: 19 darts (poison)
Press: ? - help, Q - select action, (/) - cycle Shift-Dir - straight line, f/p - spriggan
Aim: a spriggan, wielding a +0 rapier and wearing a +0 robe (34% to hit)
You throw a poisoned dart. The poisoned dart hits the spriggan.
The spriggan hits you with a +0 rapier!
Unknown command.
You flicker back into view.
Throw: 18 darts (poison)
Press: ? - help, Q - select action, (/) - cycle Shift-Dir - straight line, f/p - spriggan
Aim: a spriggan, wielding a +0 rapier and wearing a +0 robe (34% to hit)
You throw a poisoned dart. The poisoned dart hits the spriggan.
The spriggan is poisoned.
The spriggan hits you with a +0 rapier!
* * * LOW HITPOINT WARNING * * *
There is an open door here.
The spriggan looks more healthy.
Throw: 17 darts (poison)
Press: ? - help, Q - select action, (/) - cycle Shift-Dir - straight line, f/p - spriggan
Aim: a spriggan, wielding a +0 rapier and wearing a +0 robe (moderately wounded, 34% to hit)
You throw a poisoned dart. The poisoned dart misses the spriggan.
The spriggan hits you with a +0 rapier!
You die...
Your body crumbles into a pile of gold.

########################
#<...#.....#.....#.⌠._._
#PP..'.@i..'(#...(.._._.
#PPPP#.....#.#...#..._._
###############+##.._._.
#._._._ $ $#######


$$$$ You could see a spriggan.

Vanquished Creatures
  A scorpion (D)
  3 oklob saplings (D)
  A spriggan (D)
  A river rat (D)
  A rat (D)
7 creatures vanquished.

Vanquished Creatures (others)
  A fungus (D)
1 creature vanquished.

Grand Total: 8 creatures vanquished

Notes
Turn   | Place    | Note
-------+----------+-------------------------------------------
     0 | D        | styxcanada the Spriggan Brigand began the quest for the
                  | Orb.
     0 | D        | Reached XP level 1. HP: 10/10 MP: 2/2
    15 | D        | Reached skill level 7 in Stealth
    15 | D        | Reached XP level 2. HP: 15/15 MP: 3/3
   149 | D        | Noticed an oklob sapling
   154 | D        | Killed an oklob sapling
   155 | D        | Reached skill level 9 in Stealth
   155 | D        | Reached XP level 3. HP: 18/18 MP: 4/4
   307 | D        | Noticed a scorpion
   307 | D        | Found the amulet of invisibility {+Inv}
   309 | D        | Killed a scorpion
   310 | D        | Reached skill level 11 in Stealth
   310 | D        | Reached XP level 4. HP: 23/23 MP: 5/5
   334 | D        | Found an opulent altar of Gozag.
   334 | D        | Found a hazy altar of Hepliaklqana.
   334 | D        | Found a burning altar of Makhleb.
   334 | D        | Found a sparkling altar of Nemelex Xobeh.
   334 | D        | Found a snail-covered altar of Cheibriados.
   334 | D        | Found a sacrificial altar of Ru.
   334 | D        | Found a shimmering blue altar of Sif Muna.
   334 | D        | Found a shimmering altar of Xom.
   334 | D        | Found a basalt altar of Yredelemnul.
   335 | D        | Found a viscous altar of Jiyva.
   335 | D        | Found a bloodstained altar of Trog.
   335 | D        | Found an ornate altar of the Wu Jian Council.
   336 | D        | Found an iron altar of Okawaru.
   336 | D        | Found a shadowy altar of Dithmenos.
   336 | D        | Found a glowing silver altar of Zin.
   337 | D        | Found an ancient bone altar of Kikubaaqudgha.
   337 | D        | Found a hide-covered altar of Uskayaw.
   338 | D        | Found a stormy altar of Qazlal.
   338 | D        | Found a white marble altar of Elyvilon.
   338 | D        | Found a glowing golden altar of the Shining One.
   339 | D        | Became a worshipper of Gozag Ym Sagoz the Greedy
   340 | D        | Found a corrupted altar of Lugonu.
   340 | D        | Found a radiant altar of Vehumet.
   344 | D        | Reached skill level 13 in Stealth
   344 | D        | Reached XP level 5. HP: 28/28 MP: 3/6
   356 | D        | Reached skill level 5 in Dodging
   356 | D        | Reached skill level 1 in Evocations
   412 | D        | Reached skill level 14 in Stealth
   448 | D        | Slain by a spriggan

Illustrated notes

Levels and vault maps discovered:
D:        dungeon_sprint_fedhas [sprint_temple]

Skill      XL: |  1  2  3  4  5 |
---------------+----------------+-----
Dodging        | 2 3 4 5 |  5.3
Stealth        | 7 9 11 13 14 | 14.2
Fighting       | 2 3 |  3.4
Short Blades   | 3 |  3.6
Throwing       | 3 |  3.5
Evocations     | 1 |  1.4

Action                   |  1- 3 |  4- 6 || total
-------------------------+-------+-------++-------
Melee: Dagger            |    11 |     6 ||    17
Throw: Dart              |     8 |     6 ||    14
 Abil: Evoke Invisibilit |       |     2 ||     2
  Use: Potion            |     1 |       ||     1
 Stab: Sleeping          |     1 |     3 ||     4
Dodge: Dodged            |     3 |     5 ||     8
